 Dungeon Crawl Stone Soup version 0.30-a0-986-g7f2e898f52 (webtiles) character file.

Game seed: 10529941277899955906

39554 Armakuni the Purifying Human (level 14, 119/119 HPs)
             Began as a Human Artificer on Mar 26, 2023.
             Was a High Priest of Elyvilon.
             Quit the game on level 4 of the Lair of Beasts on Apr 1, 2023.
             The game lasted 00:53:15 (21673 turns).

Armakuni the Purifying Human (Human Artificer)     Turns: 21673, Time: 00:53:15

Health: 119/119    AC: 18    Str: 16    XL:     14   Next: 40%
Magic:  25/25      EV: 21    Int:  9    God:    Elyvilon [*****.]
Gold:   265        SH:  0    Dex: 16    Spells: 15/17 levels left

rFire   . . .      SeeInvis .    a - +3 dire flail (freeze)
rCold   + + +      Faith    +    (shield currently unavailable)
rNeg    . . .      Spirit   .    h - +0 acid dragon scales
rPois   .          Reflect  .    G - +0 helmet "Uritsie" {rElec rF- Str+2 Dex+3 Stlth+}
rElec   +          Rampage  .    q - +2 cloak
rCorr   +          Harm     + .  t - +0 pair of gloves
Will    ++...                    j - +2 pair of boots "Nyfioc" {Will+}
Stlth   ++                       U - amulet of Polytheism {Faith Harm Fragile rC+++ Int-3}
HPRegen 0.39/turn                E - +5 ring of evasion
MPRegen 0.19/turn                F - ring of protection from fire

@: no status effects
A: iridescent scales 1, clumsy 1, weak 1
a: Renounce Religion, Purification, Heal Other, Heal Self, Divine Vigour


You were on level 4 of the Lair of Beasts.
You worshipped Elyvilon.
Elyvilon was extremely pleased with you.
You visited 4 branches of the dungeon, and saw 20 of its levels.

You collected 1768 gold pieces.
You spent 1503 gold pieces at shops.

Inventory:

Hand Weapons
 a - a +3 dire flail of freezing (weapon)
 b - a +2 rapier of venom
 B - a +0 quarterstaff
Missiles
 d - 14 boomerangs
 H - 2 curare-tipped darts (quivered)
Armour
 h - +0 acid dragon scales (worn)
 j - the +2 pair of boots "Nyfioc" (worn) {Will+}
   (You bought it in a shop on level 2 of the Orcish Mines)

   Will:      It increases your willpower.
 q - a +2 cloak (worn)
 t - a +0 pair of gloves (worn)
 G - the +0 helmet "Uritsie" (worn) {rElec rF- Str+2 Dex+3 Stlth+}
   (You bought it in a shop on level 2 of the Orcish Mines)

   Str:       It affects your strength (+2).
   Dex:       It affects your dexterity (+3).
   rF:        It makes you vulnerable to fire.
   rElec:     It insulates you from electricity.
   Stlth:     It makes you more stealthy.
Magical Staves
 o - a staff of conjuration
Jewellery
 E - a +5 ring of evasion (left hand)
 F - a ring of protection from fire (right hand)
 J - a ring of protection from cold
 K - a ring of resist corrosion
 M - an amulet of magic regeneration
 N - a +4 ring of protection
 U - the amulet of Polytheism (around neck) {Faith Harm Fragile rC+++ Int-3}
   (You found it on level 2 of the Lair of Beasts)

   [amulet of faith]

   It allows you to gain divine favour quickly.
   Int:       It affects your intelligence (-3).
   rC:        It renders you almost immune to cold.
   Fragile:   It will be destroyed if unequipped.
   Harm:      It increases damage dealt and taken.
 W - a ring of willpower
Wands
 k - a wand of digging (2)
 l - a wand of polymorph (4)
 r - a wand of roots (6)
 v - a wand of flame (8)
 D - a wand of mindburst (14)
Scrolls
 c - 3 scrolls of magic mapping
 e - 3 scrolls of identify
 g - 3 scrolls of vulnerability
 i - a scroll of silence
 n - 4 scrolls of fear
 p - a scroll of amnesia
 s - 4 scrolls of teleportation
 x - 2 scrolls of poison
 y - 2 scrolls of fog
 A - 2 scrolls of enchant armour
 C - 2 scrolls of enchant weapon
Potions
 f - 8 potions of curing
 m - a potion of brilliance
 u - 4 potions of haste
 w - 3 potions of invisibility
 z - a potion of lignification
 I - 2 potions of flight
 L - a potion of berserk rage


   Skills:
 - Level 13.8 Fighting
 - Level 1.0(9.0) Maces & Flails
 - Level 13.9(14.0) Staves
 - Level 6.0 Armour
 - Level 8.7 Dodging
 - Level 1.0 Stealth
 - Level 2.0 Spellcasting
 - Level 4.0 Transmutations
 - Level 15.0 Invocations
 + Level 6.8 Evocations


You had 15 spell levels left.
You knew the following spells:

 Your Spells              Type           Power      Damage    Failure   Level
w - Wereblood             Tmut           8%         N/A       13%         2

Your spell library contained the following spells:

 Spells                   Type           Power      Damage    Failure   Level
 Beastly Appendage        Tmut           16%        N/A       9%          1
 Kiss of Death            Conj/Necr      0%         2d5       41%         1
 Spider Form              Tmut/Pois      4%         N/A       50%         3
 Lesser Beckoning         Tloc           0%         N/A       54%         2
 Static Discharge         Conj/Air       0%         2-2/arc   54%         2
 Ignite Poison            Fire/Tmut/Pois 3%         N/A       61%         3
 Confusing Touch          Hex            0%         N/A       78%         3
 Dazzling Flash           Conj/Hex       0%         N/A       78%         3
 Frozen Ramparts          Ice            0%         1d1       78%         3
 Gell's Gravitas          Tloc           0%         N/A       78%         3
 Kindle Blastsparks       Fire/Tloc/Air  0%         2d10      78%         3
 Stone Arrow              Conj/Erth      0%         3d7       78%         3
 Teleport Other           Tloc           0%         N/A       78%         3
 Vhi's Electric Charge    Tloc/Air       0%         N/A       78%         3
 Ice Form                 Ice/Tmut       4%         N/A       88%         4
 Animate Armour           Summ/Erth      0%         N/A       99%         4
 Dispel Undead            Necr           0%         3d6       99%         4
 Iskenderun's Mystic Bla  Conj/Tloc      0%         2d3       99%         4
 Passage of Golubria      Tloc           0%         N/A       99%         4
 Summon Ice Beast         Ice/Summ       0%         N/A       99%         4
 Arcjolt                  Conj/Air       0%         1d10      100%        5
 Freezing Cloud           Conj/Ice/Air   0%         6-21      100%        5
 Plasma Beam              Fire/Air       0%         2x1d7     100%        5
 Silence                  Hex/Air        0%         N/A       100%        5
 Dispersal                Tloc           0%         N/A       100%        6
 Starburst                Conj/Fire      0%         6d3       100%        6
 Lehudib's Crystal Spear  Conj/Erth      0%         10d2      100%        8


Dungeon Overview and Level Annotations

Branches:
Dungeon (13/15)            Temple (1/1) D:5            Lair (4/5) D:11
  Swamp (0/4) Lair:2       Spider (0/4) Lair:3          Orc (2/2) D:11
    Elf (0/3) Orc:2
  Slime: Lair:4-5    Vaults: D:13-14

Altars:
Ashenzari
Cheibriados
Dithmenos
Elyvilon
Fedhas
Gozag
Hepliaklqana
Kikubaaqudgha
Makhleb
Nemelex Xobeh
Okawaru
Qazlal
Ru
Sif Muna
Trog
Uskayaw
Vehumet
Wu Jian
Xom
Yredelemnul
Zin
The Shining One

Shops:
D:1 *   D:2 :   D:4 *   Orc:2 *![[

Annotations:
D:6 3 runed translucent doors, Reshi88's ghost, novice DjFE


Innate Abilities, Weirdness & Mutations

You are partially covered in iridescent scales. (AC +2)
You are clumsy. (Dex -2)
You are weak. (Str -2)


Message History

The six-headed hydra bites you but does no damage.
The six-headed hydra closely misses you.
The six-headed hydra completely misses you.
The six-headed hydra bites you but does no damage.
You sock the six-headed hydra!
The six-headed hydra seems to slow down.
You freeze the six-headed hydra!
The six-headed hydra is almost dead.
You barely miss the six-headed hydra.
The six-headed hydra is almost dead.
The six-headed hydra completely misses you.
The six-headed hydra barely misses you. The six-headed hydra misses you.
The six-headed hydra barely misses you. The six-headed hydra bites you!
The six-headed hydra misses you.
You completely miss the six-headed hydra.
The six-headed hydra is almost dead.
The six-headed hydra barely misses you.
The six-headed hydra bites you but does no damage.
The six-headed hydra closely misses you.
The six-headed hydra misses you. x2; The six-headed hydra bites you.
You hit the six-headed hydra.
The six-headed hydra seems to slow down.
You freeze the six-headed hydra.
The six-headed hydra is almost dead.
You puncture the six-headed hydra! You freeze the six-headed hydra.
You kill the six-headed hydra!
You see here a hydra corpse.
You pick up a book of Rime and begin reading...
You add the spells Frozen Ramparts, Ice Form and Summon Ice Beast to your library.
Okay, then.
Unknown command.
Saving game... please wait.
Welcome back, Armakuni the Human Artificer.
Elyvilon says: Go forth and aid the weak!
Press ? for a list of commands and other information.
HP restored.
An elephant comes into view.
Unknown command.
Search for what [? for help]? staff Are you sure you want to abandon this character and quit the game? (Confirm with "yes".)

#.. .. ######### ....
... ##.##.##.# ...#
.... #......#.# P..#
#..###.......#####..#
#...............#..#
###...............##
#................#
##.........<.@..##
###...†............#
#.....................Y
##.....................
#................###...
.................## #..
.................# ..
..#.......).......
................##.


You could see an elephant (asleep).

Vanquished Creatures
  Kirke (Lair:3)
  Gastronok (D:9)
  4 hydras
  A catoblepas (Lair:2)
  A skyshark (Lair:1)
  2 bog bodies (Lair:2)
  An ugly thing (D:13)
  A shining eye (D:10)
  An oklob plant (Lair:2)
  5 cyclopes
  A manticore (D:12)
  6 elephants (Lair:3)
  A torpor snail (Lair:3)
  4 black mambas
  2 cane toads (Lair:2)
  6 komodo dragons
  4 polar bears
  2 trolls
  A hornet (D:11)
  11 blink frogs
  Prince Ribbit (D:9)
  5 slime creatures
  3 wraiths
  2 shadows (D:11)
  2 wyverns
  Eustachio (D:6)
  48 yaks
  A culicivora (Lair:3)
  2 vampires
  2 steam dragons
  6 vampire mosquitoes
  2 hogs (Lair:3)
  Grum (Lair:1)
  A warg (D:11)
  11 water moccasins
  28 orc warriors
  An ice beast (D:5)
  2 sky beasts (D:7)
  A black bear (D:4)
  4 ogres
  13 centaurs
  14 wolves
  2 kobold brigands
  10 bullfrogs
  A gnoll sergeant (D:5)
  A scorpion (D:5)
  5 wights (D:8)
  2 howler monkeys
  11 killer bees
  A jelly (D:5)
  4 orc priests
  6 hounds
  An iguana (D:7)
  Jessica (D:3)
  8 orc wizards
  Robin (D:2)
  9 gnolls
  6 adders
  A shadow imp (D:5)
  3 white imps
  3 ufetubi
  3 worms
  3 dart slugs
  29 orcs
  3 ball pythons
  9 endoplasms
  8 giant cockroaches
  10 goblins
  12 hobgoblins
  12 jackals
  19 kobolds
  2 quokkas
  5 bats
  A frilled lizard (D:1)
  8 rats
407 creatures vanquished.

Vanquished Creatures (collateral kills)
  An adder (D:4)
  An orc (D:4)
  An endoplasm (D:4)
  A hobgoblin (D:2)
  A jackal (D:1)
  A goblin (D:2)
6 creatures vanquished.

Vanquished Creatures (others)
  A rime drake (Lair:3)
  2 humans (Lair:3)
  An acid dragon (D:9)
  An orc warrior (Orc:2)
  2 iguanas
  An orc (D:9)
  A goblin (D:2)
  A jackal (D:1)
  A bush (Lair:3)
  15 fungi
  11 plants
37 creatures vanquished.

Grand Total: 450 creatures vanquished

Notes
Turn   | Place    | Note
-------+----------+-------------------------------------------
     0 | D:1      | Armakuni the Human Artificer began the quest for the Orb.
     0 | D:1      | Reached XP level 1. HP: 15/15 MP: 1/1
   203 | D:1      | Reached XP level 2. HP: 16/22 MP: 2/2
   404 | D:1      | Found Adikke Sofob's Assorted Antiques.
   421 | D:1      | Reached XP level 3. HP: 18/28 MP: 3/3
   429 | D:1      | Bought a silvery potion for 21 gold pieces
   429 | D:1      | Bought a scroll labelled PUUNGOTZ VAJOI for 24 gold pieces
   912 | D:2      | Noticed Robin
   947 | D:2      | Killed Robin
   948 | D:2      | Reached XP level 4. HP: 19/36 MP: 4/4
  1428 | D:2      | Found Affitaoz's Book Shoppe.
  1691 | D:2      | Reached XP level 5. HP: 40/42 MP: 5/5
  2173 | D:3      | Noticed Jessica
  2192 | D:3      | Killed Jessica
  2847 | D:4      | Noticed a black bear
  2856 | D:4      | Reached XP level 6. HP: 40/48 MP: 6/6
  2860 | D:4      | Killed a black bear
  3059 | D:4      | Identified a scroll of acquirement
  3059 | D:4      | Acquired a manual of Fighting
  3317 | D:4      | Found Met Nam's General Store.
  3414 | D:4      | Found a blossoming altar of Fedhas.
  3655 | D:4      | Found a sparkling altar of Nemelex Xobeh.
  3694 | D:5      | Entered Level 5 of the Dungeon
  3711 | D:4      | Reached skill level 5 in Fighting
  3711 | D:4      | Reached XP level 7. HP: 43/56 MP: 7/7
  3975 | D:5      | Noticed a water moccasin
  3979 | D:5      | Killed a water moccasin
  3987 | D:5      | Found a broken altar of Ashenzari.
  4096 | D:5      | Found a staircase to the Ecumenical Temple.
  4100 | D:5      | Reached XP level 8. HP: 70/70 MP: 8/8
  4107 | Temple   | Entered the Ecumenical Temple
  4332 | Temple   | Became a worshipper of Elyvilon the Healer
  4624 | D:6      | Reached skill level 10 in Fighting
  4831 | D:6      | Found a shimmering blue altar of Sif Muna.
  4899 | D:6      | Found a runed translucent gate.
  4899 | D:6      | Found a runed translucent gate.
  4899 | D:6      | Found a runed translucent gate.
  4914 | D:6      | Noticed Reshi88's ghost (novice DjFE)
  4915 | D:6      | Noticed a white ugly thing
  5054 | D:6      | Noticed Eustachio
  5172 | D:6      | Killed Eustachio
  5173 | D:6      | Reached XP level 9. HP: 40/84 MP: 9/9
  5954 | D:7      | Reached * piety under Elyvilon
  6526 | D:7      | Found a snail-covered altar of Cheibriados.
  6722 | D:7      | Reached skill level 5 in Dodging
  7045 | D:7      | Found a glowing golden altar of the Shining One.
  7175 | D:8      | Learned a level 2 spell: Wereblood
  7182 | D:8      | Reached ** piety under Elyvilon
  7233 | D:8      | Reached XP level 10. HP: 63/92 MP: 10/10
  7241 | D:8      | Reached skill level 5 in Armour
  7241 | D:8      | Reached skill level 1 in Invocations
  7281 | D:8      | Reached skill level 2 in Invocations
  7303 | D:8      | HP: 4/93 [steam dragon (6)]
  7305 | D:8      | Reached skill level 3 in Invocations
  7495 | D:8      | Reached skill level 4 in Invocations
  7569 | D:8      | Reached skill level 1 in Maces & Flails
  7661 | D:8      | Found a shadowy altar of Dithmenos.
  8101 | D:9      | Noticed Gastronok
  8120 | D:9      | Killed Gastronok
  8121 | D:9      | Reached skill level 5 in Invocations
  8121 | D:9      | Reached skill level 5 in Evocations
  8217 | D:9      | Found an iron altar of Okawaru.
  8382 | D:9      | You fall into a shaft and drop 3 floors!
  8398 | D:12     | Noticed a cyclops
  8436 | D:12     | Killed a cyclops
  8620 | D:12     | Reached skill level 6 in Invocations
  8971 | D:12     | Reached *** piety under Elyvilon
  9035 | D:10     | Entered Level 10 of the Dungeon
  9055 | D:10     | Reached skill level 7 in Invocations
  9055 | D:10     | Reached XP level 11. HP: 96/99 MP: 16/16
  9098 | D:10     | Noticed a cyclops
  9121 | D:10     | Killed a cyclops
  9560 | D:9      | Reached skill level 8 in Invocations
  9584 | D:9      | Reached skill level 9 in Invocations
  9857 | D:9      | Noticed Prince Ribbit
  9870 | D:9      | Killed Prince Ribbit
 10013 | D:9      | Reached skill level 10 in Invocations
 10022 | D:9      | Reached skill level 1 in Transmutations
 10358 | D:9      | Reached skill level 1 in Spellcasting
 10980 | D:10     | a slime creature changed into a shining eye
 10980 | D:10     | Noticed a shining eye
 11005 | D:10     | Gained mutation: You do not regenerate when monsters are
                  | visible. [a shining eye]
 11006 | D:10     | Gained mutation: Your magical capacity is low. (-10% MP) [a
                  | shining eye]
 11010 | D:10     | Killed a shining eye
 11199 | D:10     | Lost mutation: Your magical capacity is low. (-10% MP)
                  | [potion of mutation]
 11199 | D:10     | Lost mutation: You do not regenerate when monsters are
                  | visible. [potion of mutation]
 11199 | D:10     | Gained mutation: Your spells are a little harder to cast,
                  | but a little more powerful. [potion of mutation]
 11199 | D:10     | Gained mutation: You are frail. (-10% HP) [potion of
                  | mutation]
 11199 | D:10     | Gained mutation: Armour fits poorly on your strangely
                  | shaped body. [potion of mutation]
 11200 | D:10     | Lost mutation: Your spells are a little harder to cast, but
                  | a little more powerful. [potion of mutation]
 11200 | D:10     | Lost mutation: Armour fits poorly on your strangely shaped
                  | body. [potion of mutation]
 11200 | D:10     | Lost mutation: You are frail. (-10% HP) [potion of
                  | mutation]
 11200 | D:10     | Gained mutation: You are partially covered in iridescent
                  | scales. (AC +2) [potion of mutation]
 11200 | D:10     | Gained mutation: You are clumsy. (Dex -2) [potion of
                  | mutation]
 11200 | D:10     | Gained mutation: You are weak. (Str -2) [potion of
                  | mutation]
 11269 | D:10     | Identified the +1 short sword of Coshrug {heavy, Str+2}
 11670 | D:11     | Found a staircase to the Lair.
 11672 | D:11     | Found a staircase to the Orcish Mines.
 11681 | Orc:1    | Entered Level 1 of the Orcish Mines
 12179 | Orc:1    | Reached **** piety under Elyvilon
 12291 | Orc:2    | Entered Level 2 of the Orcish Mines
 13450 | Orc:1    | Reached XP level 12. HP: 76/106 MP: 19/19
 14342 | D:2      | Bought a manual of Staves for 1040 gold pieces
 14578 | Orc:2    | Reached skill level 1 in Staves
 14683 | Orc:2    | Found Noutsax's Distillery.
 14683 | Orc:2    | Found Qesy's Antique Armour Boutique.
 14685 | Orc:2    | Found Rulusuf's Antique Armour Shop.
 14687 | Orc:2    | Found Zemy's General Store.
 14708 | Orc:2    | Reached skill level 5 in Staves
 14940 | Orc:2    | Found a staircase to the Elven Halls.
 15305 | Orc:2    | Bought a pair of masterwork boots for 209 gold pieces
 15305 | Orc:2    | Identified the +2 pair of boots "Nyfioc" {Will+} (You
                  | bought it in a shop on level 2 of the Orcish Mines)
 16764 | D:12     | Reached skill level 10 in Staves
 18311 | Orc:2    | Bought an ichor-stained helmet for 209 gold pieces
 18311 | Orc:2    | Identified the +0 helmet "Uritsie" {rElec rF- Str+2 Dex+3
                  | Stlth+} (You bought it in a shop on level 2 of the Orcish
                  | Mines)
 18348 | Lair:1   | Entered Level 1 of the Lair of Beasts
 18466 | Lair:1   | Noticed Grum
 18474 | Lair:1   | Killed Grum
 18536 | Lair:1   | Reached XP level 13. HP: 109/112 MP: 20/20
 18752 | Lair:1   | Reached ***** piety under Elyvilon
 19420 | Lair:1   | You fall into a shaft and drop 1 floor!
 19476 | Lair:2   | Noticed a catoblepas
 19502 | Lair:2   | Killed a catoblepas
 19503 | Lair:2   | Reached skill level 11 in Invocations
 19635 | Lair:2   | Noticed a six-headed hydra
 19644 | Lair:2   | Killed a six-headed hydra
 19691 | Lair:2   | Found a glowing golden altar of the Shining One.
 19764 | Lair:2   | Reached skill level 12 in Invocations
 20011 | Lair:2   | Identified the amulet of Polytheism {Faith Harm Fragile
                  | rC+++ Int-3}
 20013 | Lair:2   | Noticed a five-headed hydra
 20021 | Lair:2   | Killed a five-headed hydra
 20022 | Lair:2   | Reached skill level 13 in Invocations
 20064 | Lair:2   | Found a staircase to the Swamp.
 20509 | Lair:3   | Noticed Kirke
 20527 | Lair:3   | Killed Kirke
 20528 | Lair:3   | Reached skill level 14 in Invocations
 20528 | Lair:3   | Reached XP level 14. HP: 119/119 MP: 24/24
 20698 | Lair:3   | Found a hole to the Spider Nest.
 20973 | Lair:3   | Reached skill level 15 in Invocations
 21619 | Lair:4   | Upgraded the game from 0.30-a0-946-gec5dcfc036 to
                  | 0.30-a0-986-g7f2e898f52
 21673 | Lair:4   | Quit the game

Illustrated notes

Levels and vault maps discovered:
D:1:      minmay_arrival_cross, layout_basic, serial_shops, shop
D:2:      layout_loops_corners, serial_shops, shop, uniq_robin
D:3:      layout_basic, uniq_jessica
D:4:      layout_rooms, nemelex_dance_club_becter, lemuel_doored_altar,
          serial_shops, shop, dreamdust_wishing_well, minmay_misc_feat_chi
D:5:      layout_rooms, cheibrodos_ashenzari_chains, minmay_temple_entry_arrows
D:6:      layout_rooms, mainiacjoe_overflow_small_starburst,
          gammafunk_ghost_split, uniq_eustachio
D:7:      layout_rooms, chei_slow_surprise, tso_metal_star
D:8:      layout_rooms, grunt_dithmenos_smoke
D:9:      layout_loops_ring, okawaru_gym_becter, serial_co_window_serial,
          co_window_of_opportunity_a, co_window_paths_b, co_window_paths_b,
          co_window_cross_1, co_window_paths_b, co_window_of_opportunity_b,
          co_window_unsneaky_path_d, co_window_corner_b, co_window_broadway_b,
          co_window_4corner_a, glass_columns_c, glass_columns_a,
          uniq_prince_ribbit1, uniq_gastronok
D:10:     layout_roguey
D:11:     layout_long_grid, lair_entry_dummy, orc_0_dummy,
          gauntlet_entry_generic, minmay_misc_feat_rows
D:12:     layout_stronghold
D:13:     layout_roguey, fungi_pond_lemuel
Temple:   nicolae_temple_great_sept
Lair:1:   layout_regular_city, grunt_megastairs_2, uniq_grum
Lair:2:   layout_cave_shapes, skrybe_swamp_entry_bodies, basic_altar,
          serial_bayou_pond_d, chequers_serial_rivers_micro_d
Lair:3:   statuecave_lemuel, layout_gridlike, spider_nest_entry_rubble,
          uniq_kirke
Lair:4:   layout_cave_pods, grunt_forest_large_clearing_hut
Orc:1:    layout_caves, nicolae_orc_damp_corner
Orc:2:    st_orc_rangers, layout_caves

Skill      XL: |  1  2  3  4  5  6  7  8  9 10 11 12 13 14 |
---------------+-------------------------------------------+-----
Fighting       | 2 3 4 5 8 12 13 | 13.8
Evocations     | 4 5 6 |  6.8
Dodging        | 2 3 5 6 7 8 |  8.7
Armour         | 3 4 6 |  6.0
Invocations    | 7 10 14 15 | 15.0
Maces & Flails | 1 |  1.0
Transmutations | 4 |  4.0
Spellcasting   | 2 |  2.0
Staves         | 12 13 | 13.9
Stealth        | |  1.0

Action                     |  1- 3 |  4- 6 |  7- 9 | 10-12 | 13-15 || total
---------------------------+-------+-------+-------+-------+-------++-------
  Melee: Club              |   102 |       |       |       |       ||   102
         Punch             |     2 |       |     4 |    11 |       ||    17
         Flail             |    23 |   113 |       |       |       ||   136
         Rapier            |       |    77 |   256 |   575 |       ||   908
         Dire flail        |       |       |       |   332 |   495 ||   827
  Throw: Dart              |       |       |       |       |     1 ||     1
 Invoke: Purification      |       |       |       |     6 |     2 ||     8
         Heal Self         |       |       |       |     9 |     7 ||    16
         Heal Other        |       |       |       |     4 |     1 ||     5
  Evoke: Wand              |     7 |     6 |    22 |     7 |     2 ||    44
    Use: Scroll            |     4 |     8 |     6 |     4 |     1 ||    23
         Potion            |       |       |     4 |    15 |     2 ||    21
   Stab: Distracted        |     1 |     2 |       |       |       ||     3
         Sleeping          |       |     8 |       |       |     1 ||     9
 Armour: Leather armour    |    40 |    51 |       |       |       ||    91
         Robe              |       |    42 |   147 |       |       ||   189
         Scale mail        |       |       |     5 |   120 |       ||   125
         Acid dragon scale |       |       |       |   309 |   163 ||   472
  Dodge: Dodged            |    86 |   175 |   297 |  1143 |   539 ||  2240

Table legend: (Time is in decaauts)
 A = Elapsed time spent in this place.
 B = Non-inter-level travel time spent in this place.
 C = Inter-level travel time spent in this place.
 D = Time resting spent in this place.
 E = Time spent auto-exploring this place.
 F = Levels seen in this place.
 G = Mean time per level.
                   A        B        C        D        E       F      G
               +--------+--------+--------+--------+--------+-----+--------+
         Total |  21937 |  20392 |   1545 |   4901 |  10730 |  20 | 1096.8 |
       Dungeon |  15261 |  14068 |   1193 |   3359 |   7731 |  13 | 1173.9 |
        Temple |    114 |     85 |     29 |      0 |     63 |   1 |  114.0 |
          Lair |   3261 |   3202 |     59 |     96 |   2183 |   4 |  815.2 |
  Orcish Mines |   3300 |   3036 |    264 |   1445 |    752 |   2 | 1650.0 |
               +--------+--------+--------+--------+--------+-----+--------+

Top non-repeatable levels by time:
   Orc:1: 2108 daAuts
    D:12: 1916 daAuts
     D:9: 1853 daAuts
    D:11: 1458 daAuts
     D:2: 1342 daAuts
     D:6: 1330 daAuts
     D:7: 1265 daAuts
    D:10: 1232 daAuts
   Orc:2: 1192 daAuts
  Lair:3: 1134 daAuts
  Lair:1: 1056 daAuts
     D:4: 956 daAuts
  Lair:2: 945 daAuts
     D:1: 933 daAuts
     D:3: 858 daAuts
